AoeStats
← Tschab

MegaRandom

508253106Analyzed
4v4 RM · 12d ago on Sep 21, 2026· 22m 30s· 8 players
Game mode
Random Map
Map size
Large (8 player)
Population
200
Speed
Normal
Resources
Standard
Victory
Conquest
Starting age
Dark Age
Ending age
Imperial Age
RankedLock teamsTeams togetherTeam positionsShared explorationLock speedFull tech treeHidden civsTurbo modeCheats
Victory
Defeat
🇫🇮 Dravidians · Finland
1680
+7
🇨🇭 Berbers · Switzerland
1616
+9
🇫🇮 Tatars · Finland
1563
+11
🇨🇱 Britons · Chile
1553
+11
🇩🇪 Khmer · Germany
1502
-11
🇫🇷 Spanish · France
1468
-10
🇳🇴 Japanese · Norway
1436
-9
🇪🇸 Hindustanis · Spain
1407
-8
Schmandl
6:44 Loom
10:48 Feudal Age
12:51 Fletching
13:36 Horse Collar
18:04 Double-Bit Axe
21:34 Gold Mining
23:46 Castle Age
22:59 Bloodlines
VaultBoy
8:14 Loom
10:16 Feudal Age
13:48 Double-Bit Axe
16:21 Castle Age
14:20 Horse Collar
15:44 Fletching
22:34 Bow Saw
antorse31
6:30 Loom
10:24 Feudal Age
10:50 Double-Bit Axe
15:39 Fletching
23:46 Castle Age
Snavle
9:08 Loom
11:30 Feudal Age
17:13 Castle Age
18:05 Fletching
19:22 Crossbowman
21:18 Double-Bit Axe
21:47 Padded Archer Armor
Ee-meili
7:48 Loom
11:11 Feudal Age
20:30 Castle Age
18:23 Double-Bit Axe
18:21 Horse Collar
19:09 Scale Barding Armor
19:52 Bloodlines
20:06 Gold Mining
21:32 Bow Saw
NPG | FishCL
7:14 Loom
9:27 Feudal Age
11:59 Double-Bit Axe
12:39 Fletching
23:27 Castle Age
Kaarlos
7:39 Loom
11:01 Feudal Age
11:12 Man-at-Arms
12:04 Double-Bit Axe
20:06 Castle Age
19:05 Fletching
20:17 Crossbowman
21:22 Bodkin Arrow
Tschab
11:21 Feudal Age
12:51 Double-Bit Axe
15:27 Castle Age
13:36 Horse Collar
14:40 Stone Mining
16:22 Bow Saw
18:41 Loom
21:03 Loom
22:37 Fletching
Connection lost

Rejoining the realm…

Still unreachable

The connection could not be restored.

Session expired

The server has moved on; the page needs a fresh start.